 Dungeon Crawl Stone Soup version 0.31-a0-222-gefeffbb62a (webtiles) character file.

Game seed: 1975765731217285365

43 qw the Shooter (level 3, -4/21 HPs)
             Began as a Gargoyle Hexslinger on July 4, 2023.
             Slain by a gnoll
             ... wielding a +0 flail
              (10 damage)
             ... on level 2 of the Dungeon.
             The game lasted 00:00:34 (1544 turns).

qw the Shooter (Gargoyle Hexslinger)                Turns: 1544, Time: 00:00:34

Health: -4/21      AC:  9    Str: 11      XL:     3   Next: 58%
Magic:  4/4        EV: 10    Int: 10 (13) God:
Gold:   44         SH:  0    Dex: 12 (14) Spells: 3/4 levels left

rFire   . . .        Y - +1 sling
rCold   . . .        (no shield)
rNeg    + . .        d - +0 ring mail
rPois   inf          (no helmet)
rElec   +            (no cloak)
rCorr   .            l - +0 pair of gloves
SInv    .            (no boots)
Will    .....        (no amulet)
Stlth   +            (no ring)
HPRegen 0.23/turn    (no ring)
MPRegen 0.09/turn

%: no passive effects
@: no status effects
A: sickness immunity, AC +3, negative energy resistance 1, electricity
resistance, torment resistance 1, petrification resistance
a: no special abilities


You were on level 2 of the Dungeon.
You visited 1 branch of the dungeon, and saw 2 of its levels.

You collected 102 gold pieces.
You spent 58 gold pieces at shops.


Innate Abilities, Weirdness & Mutations

You are immune to sickness and miasma.
Your stone body is resilient. (AC +3)
You are immune to poison.
You resist negative energy. (rN+)
You are resistant to electric shocks. (rElec)
You are resistant to unholy torment.
You are immune to petrification.


   Skills:
 - Level 2.0 Fighting
 + Level 3.3 Ranged Weapons
 - Level 1.0 Armour
 - Level 1.5 Dodging
 - Level 1.0 Spellcasting
 - Level 2.6 Hexes


You had 3 spell levels left.
You knew the following spells:

 Your Spells              Type           Power      Damage    Failure   Level
a - Slow                  Hex            20%        N/A       26%         1

Your spell library contained the following spells:

 Spells                   Type           Power      Damage    Failure   Level
 Inner Flame              Hex/Fire       3%         N/A       80%         3
 Portal Projectile        Hex/Tloc       6%         N/A       80%         3
 Cause Fear               Hex            2%         N/A       95%         4

Inventory:

Hand Weapons
 Y - a +1 sling (weapon)
Armour
 d - a +0 ring mail (worn)
 l - a +0 pair of gloves (worn)
Scrolls
 i - a scroll of identify
Potions
 a - a potion of ambrosia {unknown}
 c - a potion of might {unknown}
 e - a potion of heal wounds
 f - a potion of mutation {unknown}
 j - a potion of curing {unknown}
 k - a potion of cancellation {unknown}

Dungeon Overview and Level Annotations

Branches:
Dungeon (2/15)

Altars:

Shops:
D:1 [


Message History

a - a pink potion A goblin comes into view.
It is wielding a +0 club.
The goblin shouts!
You shoot a sling bullet.
The sling bullet barely misses the goblin.
You shoot a sling bullet.
The sling bullet closely misses the goblin.
You shoot a sling bullet. The sling bullet hits the goblin!
You kill the goblin!
You feel your strength returning.
You see here a +0 club.
You open the door. 2 frilled lizards and 4 gnolls come into view.
The gnoll shouts! x4
The gnoll closely misses you.
Found a scroll of revelation.
Found two stone staircases leading up and a stone staircase leading down.
You shoot a sling bullet.
The sling bullet barely misses the gnoll.
The sling bullet hits the gnoll.
The gnoll is lightly wounded.
The gnoll hits you but does no damage. The gnoll hits you with a +0 flail.
You shoot a sling bullet. The sling bullet hits the gnoll.
The gnoll is moderately wounded.
The gnoll hits you from afar with a +0 spear.
The gnoll barely misses you. x2
You shoot a sling bullet.
The sling bullet hits the gnoll but does no damage.
The gnoll is moderately wounded.
The gnoll completely misses you. The gnoll hits you with a +0 club.
The gnoll misses you.
You shoot a sling bullet.
The sling bullet barely misses the gnoll.
The gnoll barely misses you. The gnoll hits you with a +0 club.
The gnoll closely misses you.
You shoot a sling bullet. The sling bullet hits the gnoll.
The gnoll is heavily wounded.
The gnoll hits you from afar with a +0 spear.
The gnoll hits you but does no damage. The gnoll hits you with a +0 flail!
You die...

.####**********,,,**
........,,,,##}.<.}##
########****#.......#
#.>.}.<.# *...?...*
**}.g.}** **lgl**
##g#* ##########g@#
#...)......##
#.########## #.#
#.###########
#...........#
###########.# #.# #.#


You could see 4 gnolls and 2 frilled lizards.

Vanquished Creatures
  An adder (D:2)
  A worm (D:2)
  A dart slug (D:1)
  3 endoplasms
  A giant cockroach (D:2)
  2 goblins (D:2)
  3 hobgoblins
  3 quokkas (D:2)
  4 ball pythons
  2 bats
  3 frilled lizards
  A kobold (D:1)
  4 rats
29 creatures vanquished.

Notes
Turn   | Place    | Note
-------+----------+-------------------------------------------
     0 | D:1      | qw the Gargoyle Hexslinger began the quest for the Orb.
     0 | D:1      | Reached XP level 1. HP: 12/12 MP: 2/2
     0 | D:1      | 0 ||| qw: Version: 0.3-a-46-gb1f654a
     0 | D:1      | 0 ||| qw: Game counter: 960
     0 | D:1      | 0 ||| qw: Melee chars always use a shield: true
     0 | D:1      | 0 ||| qw: God list: Okawaru
     0 | D:1      | 0 ||| qw: Allow faded altars: false
     0 | D:1      | 0 ||| qw: Do Orc after clearing Dungeon:15 true
     0 | D:1      | 0 ||| qw: Do second Lair branch before Depths: true
     0 | D:1      | 0 ||| qw: Lair rune preference: random
     0 | D:1      | 0 ||| qw: Goals: Normal
     0 | D:1      | 0 ||| PLANNING D:1-11
    42 | D:1      | You fall into a shaft and drop 1 floor!
   213 | D:2      | Reached XP level 2. HP: 16/16 MP: 3/3
   304 | D:2      | Reached skill level 3 in Ranged Weapons
   416 | D:2      | 416 ||| UPGRADING to +0 ring mail.
   426 | D:2      | 426 ||| DROPPING +0 robe.
   427 | D:2      | 427 ||| READING scroll labelled GOUDUC ITWIR.
   428 | D:2      | 428 ||| READING scroll labelled IRCHATWAANUV.
   429 | D:2      | 429 ||| DRINKING 2 clear potions.
   430 | D:2      | 430 ||| DROPPING scroll of poison.
   446 | D:1      | Found Dusuos's Armour Emporium.
   777 | D:1      | Reached XP level 3. HP: 21/21 MP: 4/4
  1068 | D:1      | 1068 ||| BUYING +0 pair of gloves (58 gold).
  1068 | D:1      | Bought a +0 pair of gloves for 58 gold pieces
  1068 | D:1      | 1068 ||| SHOPLISTING +1 ring mail of poison resistance (169
                  | gold, have 7).
  1068 | D:1      | 1068 ||| SHOPLISTING +2 robe of positive energy (191 gold,
                  | have 7).
  1370 | D:1      | Found a faded altar of an unknown god.
  1371 | D:1      | 1371 ||| UPGRADING to +0 pair of gloves.
  1376 | D:1      | 1376 ||| READING scroll labelled CEBAAPR KAWYQ.
  1390 | D:1      | 1390 ||| READING scroll labelled FUVOKHO MOAGG.
  1391 | D:1      | 1391 ||| READING scroll labelled WAOKHL DUCOKUME.
  1392 | D:1      | 1392 ||| READING 2 scrolls labelled GUFIGO SECUACE.
  1393 | D:1      | 1393 ||| READING scroll labelled PECEKA URHIV.
  1394 | D:1      | 1394 ||| READING scroll labelled GADDED PIGEZO.
  1395 | D:1      | 1395 ||| DRINKING 2 golden potions.
  1396 | D:1      | 1396 ||| DROPPING potion of degeneration.
  1424 | D:2      | Reached skill level 1 in Armour
  1544 | D:2      | Slain by a gnoll

Levels and vault maps discovered:
D:1:      dpeg_arrival_rhombi, layout_basic, serial_shops,
          nicolae_shop_waterfront, shapermc_ecumenical_altar_mp_urbaneastern
D:2:      layout_loops_ring, grunt_ministairs_7, minmay_misc_feat_iff

Skill      XL: |  1  2  3 |
---------------+----------+-----
Ranged Weapons | 3 |  3.3
Fighting       | 2 |  2.0
Armour         | 1 |  1.0
Dodging        | |  1.5
Spellcasting   | |  1.0
Hexes          | |  2.6

Action                     || total
---------------------------++-------
   Fire: Sling             ||   125
    Use: Scroll            ||     8
         Potion            ||     2
 Armour: Robe              ||    11
         Ring mail         ||    15
  Dodge: Dodged            ||    44

Table legend:
 A = Non-vault XP
 B = Vault XP
 C = Vault XP percentage of total XP
 D = Non-vault monster count
 E = Vault monster count
 F = Vault count percentage of total count
                 A         B        C        D         E       F
            +---------+---------+-------+---------+---------+-------
      Total |      62 |       0 |   0.0 |      29 |       0 |   0.0
            +---------+---------+-------+---------+---------+-------
        D:1 |      21 |       0 |   0.0 |      13 |       0 |   0.0
        D:2 |      41 |       0 |   0.0 |      16 |       0 |   0.0
            +---------+---------+-------+---------+---------+-------
